 Dungeon Crawl Stone Soup version 0.31.0-9-g3a7656b989 (webtiles) character file.

Game seed: 12121614880149672500

8 Colgate the Shooter (level 2, 22/22 HPs)
             Began as a Demonspawn Hunter on Feb 6, 2024.
             Quit the game on level 1 of the Dungeon.
             The game lasted 00:00:07 (50 turns).

Colgate the Shooter (Demonspawn Hunter)               Turns: 50, Time: 00:00:08

Health: 22/22      AC:  3    Str: 11    XL:     2   Next: 0%
Magic:  2/2        EV: 11    Int:  9    God:
Gold:   10         SH:  0    Dex: 16    Spells: 1/1 levels left

rFire   . . .        a - +0 shortbow
rCold   . . .        (shield currently unavailable)
rNeg    . . .        c - +0 leather armour
rPois   .            (no helmet)
rElec   .            (no cloak)
rCorr   .            (no gloves)
SInv    .            (no boots)
Will    .....        (no amulet)
Stlth   +            (no ring)
HPRegen 0.23/turn    (no ring)
MPRegen 0.08/turn

%: no passive effects
@: no status effects
A: hooves 1
a: no special abilities


You were on level 1 of the Dungeon.
You visited 1 branch of the dungeon, and saw 1 of its levels.

You collected 10 gold pieces.

Inventory:

Hand Weapons
 a - a +0 shortbow (weapon)
Armour
 c - a +0 leather armour (worn)
Scrolls
 b - a scroll of butterflies
Potions
 d - 2 potions of heal wounds {unknown}


   Skills:
 - Level 2.0 Fighting
 + Level 4.0 Ranged Weapons
 - Level 1.7 Dodging
 - Level 0.8 Stealth


You had one spell level left.
You didn't know any spells.
Your spell library was empty.

Dungeon Overview and Level Annotations

Branches:
Dungeon (1/15)

Altars:


Innate Abilities, Weirdness & Mutations

You have large cloven feet.


Message History

Key pressed, stopping explore.
No target in view!
Key pressed, stopping explore.
No target in view!
Key pressed, stopping explore.
No target in view!
Key pressed, stopping explore.
No target in view!
Key pressed, stopping explore.
No target in view!
Key pressed, stopping explore.
No target in view!
Found a stone staircase leading down.
You see here a hobgoblin corpse.
No target in view!
d - 2 golden potions No target in view!
A giant cockroach comes into view.
You shoot an arrow.
The arrow closely misses the giant cockroach.
A giant cockroach is nearby!
You shoot an arrow.
The arrow hits the giant cockroach but does no damage.
A giant cockroach is nearby!
You shoot an arrow.
The arrow hits the giant cockroach but does no damage.
A giant cockroach is nearby!
You shoot an arrow.
The arrow barely misses the giant cockroach.
A giant cockroach is nearby!
You shoot an arrow. The arrow hits the giant cockroach.
The giant cockroach barely misses you. The giant cockroach closely misses you.
A giant cockroach is nearby!
You shoot an arrow. The arrow hits the giant cockroach.
You kill the giant cockroach!
You have reached level 2!
You feel monstrous as your demonic heritage exerts itself.
Your demonic ancestry asserts itself...
Your feet thicken and deform.
Are you sure you want to abandon this character and quit the game? (Confirm with "yes".)

... ## ... .. .. #.##..
#..#. ####... #.....#
#@#######
######.#.....#.
#..............
#.....................#
#.>...................#
#.......†.†............
######†................
#.................
#.................


There were no monsters in sight!

Vanquished Creatures
  A bat (D:1)
  An endoplasm (D:1)
  A giant cockroach (D:1)
  A hobgoblin (D:1)
  A ball python (D:1)
  A frilled lizard (D:1)
  2 rats (D:1)
8 creatures vanquished.

Notes
Turn   | Place    | Note
-------+----------+-------------------------------------------
     0 | D:1      | Colgate the Demonspawn Hunter began the quest for the Orb.
     0 | D:1      | Reached XP level 1. HP: 16/16 MP: 1/1
    28 | D:1      | Reached skill level 4 in Ranged Weapons
    50 | D:1      | Discovered your monstrous ancestry.
    50 | D:1      | Gained mutation: You have large cloven feet. [demonic
                  | ancestry]
    50 | D:1      | Reached XP level 2. HP: 22/22 MP: 2/2
    50 | D:1      | Quit the game

Illustrated notes

Levels and vault maps discovered:
D:1:      amcnicky_arrival_double_pillar, layout_rooms, minivault_24

Skill      XL: |  1 |
---------------+----+-----
Ranged Weapons | 4 |  4.0
Fighting       | |  2.0
Dodging        | |  1.7
Stealth        | |  0.8

Action                     || total
---------------------------++-------
   Fire: Shortbow          ||    17
 Armour: Leather armour    ||     1
  Dodge: Dodged            ||     2
